 Dungeon Crawl Stone Soup version 0.30-a0-605-gb2882149bf (webtiles) character file.

Game seed: 9986144551002687828

674 wormed the Slasher (level 7, -4/57 HPs)
             Began as a Demigod Gladiator on Jan 8, 2023.
             Slain by a shock serpent (shapeshifter) (14 damage)
             ... on level 4 of the Dungeon.
             The game lasted 00:05:26 (3253 turns).

wormed the Slasher (Demigod Gladiator)              Turns: 3253, Time: 00:05:26

Health: -4/57      AC:  7    Str: 15    XL:     7   Next: 11%
Magic:  9/9        EV: 14    Int: 16    God:
Gold:   215        SH:  0    Dex: 23    Spells: 6/6 levels left

rFire   . . .      SeeInvis .    a - +1 long sword (chaos)
rCold   . . .      Faith    .    (no shield)
rNeg    + . .      Spirit   .    b - +0 leather armour
rPois   .          Reflect  .    j - +2 helmet
rElec   .          Harm     .    o - +0 cloak
rCorr   .          Rampage  .    (no gloves)
Will    .....                    (no boots)
Stlth   ++                       (no amulet)
HPRegen 0.29/turn                i - +6 ring of intelligence
MPRegen 0.11/turn                k - ring of positive energy

@: no status effects
A: high MP 1, forlorn, divine attributes
a: no special abilities


You were on level 4 of the Dungeon.
You visited 1 branch of the dungeon, and saw 4 of its levels.

You collected 215 gold pieces.

Inventory:

Hand Weapons
 a - a +1 long sword of chaos (weapon)
Missiles
 e - a javelin (quivered)
Armour
 b - a +0 leather armour (worn)
 j - a +2 helmet (worn)
 o - a +0 cloak (worn)
Jewellery
 i - a +6 ring of intelligence (left hand)
 k - a ring of positive energy (right hand)
Wands
 q - a wand of flame (16)
Scrolls
 c - 2 scrolls of enchant weapon
 d - a scroll of vulnerability
 l - a scroll of enchant armour {unknown}
 p - a scroll of blinking {unknown}
Potions
 f - a potion of mutation
 h - a potion of flight {unknown}
 m - a potion of magic
 n - a potion of lignification


   Skills:
 + Level 3.3 Fighting
 * Level 5.0 Long Blades
 + Level 3.3 Throwing
 + Level 3.9 Dodging
 + Level 2.8 Shields


You had 6 spell levels left.
You didn't know any spells.
Your spell library contained the following spells:

 Spells                   Type           Power      Damage    Failure   Level
 Sandblast                Erth           0%         2d4       30%         1
 Passwall                 Tmut/Erth      0%         N/A       43%         2
 Portal Projectile        Hex/Tloc       0%         N/A       67%         3
 Stone Arrow              Conj/Erth      0%         3d7       67%         3
 Tukima's Dance           Hex            0%         N/A       67%         3
 Blade Hands              Tmut           0%         N/A       100%        5


Dungeon Overview and Level Annotations

Branches:
Dungeon (4/15)
 Temple: D:4-7

Shops:
D:2 (   D:3 [(?([


Innate Abilities, Weirdness & Mutations

You have an increased reservoir of magic. (+10% MP)
You shall have no god before yourself.
Your divine heritage dramatically boosts your attributes as you level up.


Message History

The hobgoblin changes into a shapeshifter!
The shapeshifter changes into a shock serpent!
You slash the shock serpent!
The shock serpent appears confused.
The shock serpent is moderately wounded.
The shock serpent's electric aura discharges, shocking you!
Throw: 3 throwing nets
Press: ? - help, Q - select action, (/) - cycle Shift-Dir - straight line, f - shock serpent
Aim: a shock serpent shaped shifter (moderately wounded, confused, 75% to hit)
You throw a throwing net.
The throwing net barely misses the shock serpent.
Throw: 2 throwing nets
Press: ? - help, Q - select action, (/) - cycle Shift-Dir - straight line, f/p - shock serpent
Aim: a shock serpent shaped shifter (moderately wounded, confused, 75% to hit)
You throw a throwing net.
The throwing net hits the shock serpent.
The shock serpent is caught in the net!
The shock serpent is moderately wounded.
The shock serpent struggles against the net. x2
The shock serpent struggles against the net.
You slash the shock serpent!
The shock serpent is poisoned.
The shock serpent is moderately wounded.
The shock serpent's electric aura discharges, shocking you!
The shock serpent seems less confused.
The shock serpent shoots out a bolt of lightning at you!
The bolt of electricity hits you!!
* * * LOW HITPOINT WARNING * * *
The shock serpent struggles against the net.
The net rips apart, and the shock serpent comes free!
You closely miss the shock serpent.
The shock serpent is heavily wounded.
The shock serpent closely misses you. The shock serpent barely misses you.
Throw: throwing net
Press: ? - help, Q - select action, (/) - cycle Shift-Dir - straight line, f/p - shock serpent
Aim: a shock serpent shaped shifter (heavily wounded, very poisoned, 50% to hit)
You throw a throwing net.
The throwing net misses the shock serpent.
The shock serpent bites you.
* * * LOW HITPOINT WARNING * * *
The shock serpent shocks you!
You die...

#.......# ..
#......(##..#
#...........#
###.....#.#..
#..#.#.#...
##########.##.#...#
#.............#...#
##........#..###S..#
..........#.###(@#
##........#.#....#
..#########)#.##.#...
§P§....####)#........
§.§.....#............
§.§§.......##..........
§§.§......######.######
.§§..>.).## #.#
.........# ##


You could see a shock serpent shaped shifter (very poisoned).

Vanquished Creatures
  Grinder (D:3)
  2 phantoms (D:4)
  Crazy Yiuf (D:3)
  A centaur skeleton (D:4)
  A scorpion zombie (D:4)
  3 orc wizards (D:4)
  2 hound zombies (D:4)
  A hound skeleton (D:4)
  Robin (D:3)
  A howler monkey skeleton (D:4)
  2 adder zombies (D:4)
  An adder skeleton (D:4)
  A worm (D:2)
  5 dart slugs
  3 orcs (D:4)
  2 bats
  7 endoplasms
  3 giant cockroaches
  16 goblins
  5 hobgoblins
  4 jackals (D:1)
  6 kobolds
  2 quokkas
  2 ball pythons (D:2)
  3 frilled lizards
  3 rats
79 creatures vanquished.

Notes
Turn   | Place    | Note
-------+----------+-------------------------------------------
     0 | D:1      | wormed the Demigod Gladiator began the quest for the Orb.
     0 | D:1      | Reached XP level 1. HP: 17/17 MP: 3/3
   129 | D:1      | Reached XP level 2. HP: 24/24 MP: 4/4
   172 | D:1      | Reached skill level 3 in Long Blades
  1021 | D:2      | Found Ynleimene's Antique Weapon Boutique.
  1108 | D:2      | Reached XP level 3. HP: 29/29 MP: 5/5
  1271 | D:2      | Reached skill level 1 in Shields
  1729 | D:3      | Found Leepp's Antique Weapon Boutique.
  1731 | D:3      | Noticed Grinder
  1739 | D:3      | Paralysed by Grinder for 5 turns
  1880 | D:3      | Found Epatwo's Armour Shoppe.
  1958 | D:3      | Paralysed by Grinder for 4 turns
  1962 | D:3      | Found Nicvivva's Antique Armour Shoppe.
  1965 | D:3      | Noticed Robin
  1979 | D:3      | Paralysed by Grinder for 5 turns
  1998 | D:3      | Killed Grinder
  1999 | D:3      | Reached skill level 4 in Long Blades
  1999 | D:3      | Reached XP level 4. HP: 19/37 MP: 6/6
  1999 | D:3      | Reached XP level 5. HP: 22/42 MP: 7/7
  2245 | D:3      | Killed Robin
  2256 | D:3      | Identified the +0 ring mail of Vanwog {rElec rF- Int+6}
  2327 | D:3      | Found a runed translucent door.
  2328 | D:3      | Noticed Crazy Yiuf
  2397 | D:3      | Found Mowinnit's Magic Scroll Emporium.
  2527 | D:3      | Found Lireyx's Weapon Shoppe.
  2594 | D:3      | Killed Crazy Yiuf
  2767 | D:4      | Reached XP level 6. HP: 38/50 MP: 8/8
  3071 | D:4      | Reached skill level 5 in Long Blades
  3071 | D:4      | Reached XP level 7. HP: 43/57 MP: 9/9
  3246 | D:4      | a hobgoblin changed into a shapeshifter
  3246 | D:4      | Noticed a shapeshifter (shapeshifter)
  3246 | D:4      | a shapeshifter changed into a shock serpent
  3246 | D:4      | Noticed a shock serpent (shapeshifter)
  3253 | D:4      | Slain by a shock serpent (shapeshifter)

Illustrated notes

Levels and vault maps discovered:
D:1:      lemuel_arrival_tunnels, layout_basic, interstate_on_off
D:2:      layout_loops_ring, serial_shops, shop,
          shapermc_ecumenical_altar_mp_ritualfount, minmay_hexomino_r4
D:3:      layout_basic, serial_shops, nicolae_shop_advertising_works
          [nicolae_subvault_shop_adworks], shop, nicolae_diamond_shop, shop,
          nicolae_shop_waterfront, kennysheep_nondescript, uniq_grinder,
          uniq_crazy_yiuf_cottage, uniq_robin
D:4:      minmay_bubble_buster, layout_rooms, cheibrodos_sewer_entry_bend,
          serial_undead, serial_undead_a, serial_undead_b, serial_undead_a,
          serial_undead_d, serial_undead_a

Skill      XL: |  1  2  3  4  5  6 |
---------------+-------------------+-----
Fighting       | 2 3 |  3.3
Long Blades    | 3 4 5 |  5.0
Throwing       | 2 3 |  3.3
Shields        | 2 |  2.8
Dodging        | 3 |  3.9

Action                   |  1- 3 |  4- 6 |  7- 9 || total
-------------------------+-------+-------+-------++-------
Melee: Long sword        |   119 |   104 |    24 ||   247
       Punch             |     3 |     1 |     1 ||     5
Throw: Throwing net      |     4 |     1 |     3 ||     8
  Use: Scroll            |     3 |     1 |       ||     4
       Potion            |     6 |       |       ||     6
 Stab: Sleeping          |     1 |       |       ||     1
       Held in net/web   |       |     1 |       ||     1
Armor: Leather armour    |    28 |    43 |     8 ||    79
       Skin              |    51 |    28 |       ||    79
Dodge: Dodged            |    85 |    71 |    16 ||   172

Table legend: (Time is in decaauts)
 A = Elapsed time spent in this place.
 B = Non-inter-level travel time spent in this place.
 C = Inter-level travel time spent in this place.
 D = Time resting spent in this place.
 E = Time spent auto-exploring this place.
 F = Levels seen in this place.
 G = Mean time per level.
                   A        B        C        D        E       F      G
               +--------+--------+--------+--------+--------+-----+--------+
         Total |   3304 |   3173 |    131 |      0 |   2525 |   4 |  826.0 |
       Dungeon |   3304 |   3173 |    131 |      0 |   2525 |   4 |  826.0 |
               +--------+--------+--------+--------+--------+-----+--------+

Top non-repeatable levels by time:
     D:1: 1014 daAuts
     D:2: 932 daAuts
     D:3: 843 daAuts
     D:4: 514 daAuts
